Map: Catalyst LE

Players

Optimus

  • Race: Terran Terran
  • Spawn Location: 5:00

Cyan - Winner!

  • Race: Protoss Protoss
  • Spawn Location: 11:00

Event: WCS Leipzig 2018

VOD

Have the link to the VOD?

Description

Time

  • Played on: Jan. 26, 2018, 10:23 a.m.
  • Length: 12:04

All games in this series

Show
View Real Time Build Order
Export as new Build Order

Optimus Terran 

Build Orders: Gas First Reaper Expand, Reaper Expand, MMM Bio 

Get SALT Encoding   

  12  0:00  SCV  
  13  0:12  SCV  
  14  0:18  Supply Depot  
  14  0:24  SCV  
  15  0:29  Refinery  
  15  0:39  SCV  
  16  0:45  Barracks  
  16  0:51  SCV  
  17  1:03  SCV  
  18  1:17  SCV  
  19  1:32  Orbital Command, Reaper  
  20  1:45  Command Center  
  20  1:56  Factory  
  20  2:00  SCV  
  21  2:06  Barracks Reactor  
  21  2:10  Supply Depot  
  21  2:13  SCV  
  22  2:19  Refinery  
  22  2:25  SCV  
  23  2:37  SCV  
  24  2:45  Marine x2  
  24  2:49  SCV  
  26  2:55  Widow Mine  
  26  2:57  Starport  
  28  3:01  SCV  
  28  3:03  Marine x2  
  31  3:13  SCV, Orbital Command  
  31  3:18  Widow Mine  
  34  3:25  SCV  
  35  3:32  Marine x2  
  37  3:36  Medivac  
  37  3:37  SCV  
  37  3:40  SCV, Widow Mine  
  43  3:43  Supply Depot  
  43  3:50  SCV, Marine  
  43  3:52  SCV  
  46  4:02  Supply Depot  
  46  4:04  SCV  
  46  4:05  SCV  
  46  4:07  Viking  
  46  4:08  Factory Tech Lab  
  51  4:16  SCV  
  51  4:17  SCV  
  52  4:19  Barracks Tech Lab, Barracks  
  52  4:21  Barracks  
  52  4:28  SCV, Siege Tank  
  52  4:29  SCV  
  57  4:33  Engineering Bay  
  57  4:38  Marine  
  57  4:39  Stimpack  
  57  4:40  SCV  
  57  4:41  SCV  
  57  4:44  Supply Depot  
  60  4:51  Starport Reactor  
  60  4:53  SCV x2, Refinery  
  62  5:00  Supply Depot  
  62  5:01  Terran Infantry Weapons Level 1  
  62  5:05  SCV  
  62  5:06  SCV, Marauder  
  65  5:15  Barracks x2  
  65  5:17  SCV  
  65  5:18  SCV  
  65  5:20  Refinery, Factory Reactor  
  67  5:22  Marauder  
  67  5:23  Marine x2  
  71  5:28  Combat Shields  
  71  5:29  SCV  
  71  5:30  Supply Depot  
  71  5:34  SCV, Marauder  
  75  5:44  Supply Depot  
  75  5:46  Marauder  
  78  5:51  Marine x2  
  78  5:53  Supply Depot  
  78  5:55  Marauder  
  81  5:57  Medivac  
  81  5:59  Medivac  
  81  6:02  Supply Depot  
  81  6:03  Marine  
  86  6:05  Marine  
  86  6:08  Marauder  
  86  6:09  Marine  
  86  6:10  Marine  
  91  6:14  Widow Mine  
  91  6:16  Widow Mine  
  91  6:17  Marauder  
  97  6:21  Marine  
  97  6:23  Marine  
  99  6:28  Marine x2  
  99  6:30  Marauder  
  103  6:37  Widow Mine x2  
  103  6:38  Marauder  
  103  6:39  Marine  
  110  6:45  Supply Depot x2  
  110  6:51  Concussive Shells  
  110  6:57  Terran Infantry Armor Level 1  
  110  7:06  Medivac x2, Marine x3  
  110  7:07  Widow Mine x2  
  121  7:11  Supply Depot  
  121  7:12  Marauder x2, Marine  
  126  7:24  Marine  
  126  7:28  Widow Mine  
  129  7:30  Marine x3  
  126  7:40  Marauder x2  
  126  7:42  Marine  
  126  7:43  Liberator  
  130  7:47  Widow Mine, Marine x2  
  130  7:48  Marine  
  130  7:49  Liberator  
  130  7:50  Widow Mine  
  114  8:00  Marine  
  114  8:01  Marauder x2  
  114  8:05  Marine x2  
  115  8:12  Widow Mine x2, Marine  
  124  8:23  Marauder x2  
  124  8:24  Marine x2  
  124  8:25  Marine  
  124  8:26  Liberator  
  129  8:29  Marine  
  129  8:32  Liberator  
  122  8:37  Widow Mine x2  
  126  8:42  Marine x2  
  126  8:43  Marine  
  126  8:44  Marauder x2  
  126  8:47  Supply Depot  
  136  8:58  Widow Mine x2  
  136  9:06  Marauder x2  
  135  9:11  Marine x2  
  135  9:16  Marine  
  138  9:25  Widow Mine x2, Marine  
  138  9:27  Marauder x2  
  138  9:29  Marine  
  83  9:45  Liberator  
  114  9:48  Marine, Marauder x2  
  114  9:50  Marine  
  107  9:58  Marine x2  
  111  10:09  Marine x2  
  111  10:10  Marauder x2  
  117  10:15  Widow Mine x2  
  112  10:31  Marine, Marauder x2  
  112  10:32  Marine x2  
  114  10:44  Medivac  
  105  10:52  Marine x2, Marauder  
  105  10:53  Marauder  
  105  10:54  Marine x2  
  98  11:05  Widow Mine  
  98  11:10  Marine x2  
  90  11:12  Marine x2  
  90  11:14  Marauder x2  
  96  11:20  Medivac x2  
  96  11:24  Widow Mine  
  102  11:26  Widow Mine  
  102  11:27  Marine  
  99  11:35  Marauder x2  
  99  11:37  Marine  
  97  11:45  Marine x2  
Show
View Real Time Build Order
Export as new Build Order

Cyan Protoss - Winner!

Build Orders: 1 Gate Expand, Oracle Opening, Zealot Archon 

Get SALT Encoding   

  12  0:00  Probe  
  13  0:13  Probe  
  14  0:17  Pylon  
  14  0:25  Probe (Chrono Boost)  
  15  0:37  Probe (Chrono Boost)  
  15  0:39  Gateway  
  16  0:45  Probe (Chrono Boost)  
  16  0:48  Assimilator  
  17  0:51  Probe  
  18  1:03  Probe  
  19  1:15  Probe  
  20  1:25  Nexus  
  20  1:35  Cybernetics Core  
  20  1:42  Assimilator  
  20  1:44  Probe  
  21  1:52  Pylon  
  21  1:56  Probe  
  22  2:08  Probe  
  23  2:09  Adept (Chrono Boost)  
  25  2:18  Stargate  
  25  2:20  Probe  
  26  2:26  Warp Gate  
  26  2:31  Adept  
  26  2:32  Probe  
  29  2:38  Probe  
  30  2:44  Probe (Chrono Boost)  
  30  2:50  Probe (Chrono Boost)  
  32  2:56  Probe (Chrono Boost)  
  33  2:58  Adept  
  33  3:00  Probe (Chrono Boost)  
  33  3:03  Probe (Chrono Boost), Oracle (Chrono Boost)  
  40  3:09  Probe  
  40  3:12  Probe  
  42  3:18  Pylon  
  42  3:21  Probe  
  42  3:24  Probe  
  44  3:33  Probe  
  45  3:36  Probe  
  45  3:37  Oracle (Chrono Boost)  
  49  3:43  Gateway  
  49  3:45  Probe  
  49  3:46  Gateway  
  51  3:48  Probe  
  51  3:53  Pylon  
  51  3:57  Probe  
  51  4:00  Probe  
  53  4:07  Nexus  
  53  4:12  Probe  
  53  4:14  Probe  
  55  4:19  Pylon  
  55  4:21  Assimilator  
  55  4:23  Assimilator  
  55  4:24  Probe  
  56  4:27  Probe  
  56  4:30  Twilight Council  
  57  4:35  Forge  
  57  4:38  Pylon  
  57  4:40  Probe (Chrono Boost)  
  57  4:41  Probe (Chrono Boost)  
  59  4:48  Sentry x2, Zealot  
  59  4:52  Probe (Chrono Boost)  
  67  4:53  Probe (Chrono Boost), Charge (Chrono Boost)  
  67  4:55  Protoss Ground Armor Level 1 (Chrono Boost)  
  67  5:01  Probe x2 (Chrono Boost)  
  67  5:06  Probe  
  69  5:07  Probe  
  69  5:13  Gateway x2  
  71  5:18  Probe  
  71  5:19  Gateway  
  72  5:23  Probe  
  72  5:24  Pylon  
  72  5:25  Probe  
  74  5:29  Gateway  
  74  5:33  Gateway  
  74  5:36  Probe x2  
  74  5:38  Pylon  
  74  5:40  Probe  
  77  5:45  Shield Battery  
  77  5:48  Probe  
  77  5:49  Probe  
  79  5:52  Templar Archives  
  79  5:54  Pylon  
  79  5:55  Zealot x2  
  83  5:58  Zealot  
  83  6:01  Phoenix  
  87  6:08  Pylon  
  87  6:10  Pylon  
  87  6:16  Photon Cannon  
  87  6:18  Zealot x2  
  91  6:19  Pylon  
  91  6:23  Zealot x2  
  95  6:27  Pylon  
  95  6:29  High Templar  
  95  6:30  High Templar, Zealot  
  95  6:32  Zealot  
  103  6:34  Archon  
  103  6:37  Phoenix (Chrono Boost)  
  103  6:39  Protoss Ground Armor Level 2 (Chrono Boost)  
  105  6:48  High Templar x2, Zealot x2  
  105  6:49  Probe  
  105  6:52  Assimilator  
  114  6:56  Archon  
  114  6:57  Assimilator  
  114  6:58  Zealot x2  
  114  7:00  Phoenix  
  113  7:08  Blink  
  113  7:10  Probe  
  113  7:11  Probe  
  113  7:13  Zealot  
  113  7:14  Zealot x3  
  123  7:19  Zealot x2  
  123  7:20  Probe  
  123  7:22  Probe  
  129  7:23  Probe  
  127  7:38  Zealot x5  
  127  7:43  Zealot  
  130  7:58  Phoenix  
  118  8:00  High Templar x2  
  118  8:01  Zealot x5  
  118  8:02  Probe  
  133  8:06  Probe  
  133  8:07  Probe  
  135  8:14  Probe, Robotics Facility  
  135  8:18  Probe  
  135  8:19  Probe, Pylon  
  138  8:20  Archon  
  138  8:26  Probe  
  123  8:35  High Templar x2  
  123  8:36  Zealot x5  
  135  8:42  Archon  
  135  8:45  Zealot  
  135  8:47  Probe x2  
  139  8:53  Protoss Ground Armor Level 3 (Chrono Boost)  
  125  8:59  High Templar x2, Zealot  
  125  9:00  Zealot  
  131  9:04  Archon  
  131  9:05  Stalker  
  131  9:06  Stalker  
  131  9:08  Stalker x2  
  137  9:20  Zealot x2  
  140  9:29  Zealot x3  
  140  9:31  Pylon  
  144  9:35  Pylon  
  117  9:44  Zealot x4  
  105  9:50  Probe  
  105  9:52  High Templar x3  
  104  9:53  High Templar  
  104  9:55  Pylon  
  104  9:56  Archon  
  104  9:57  Phoenix  
  104  9:59  Archon  
  108  10:02  Pylon  
  104  10:08  Stalker x3  
  104  10:13  Shield Battery, Immortal (Chrono Boost)  
  104  10:14  Shield Battery, Zealot  
  97  10:25  Zealot x2  
  97  10:26  Zealot x2  
  103  10:32  Zealot x3  
  95  10:37  Stalker  
  95  10:42  Immortal (Chrono Boost)  
  93  10:51  Zealot x4  
  95  10:57  Zealot x3  
  95  11:03  Zealot  
  85  11:12  High Templar x2, Immortal (Chrono Boost)  
  85  11:13  High Templar x2  
  85  11:17  Archon  
  95  11:19  Stalker  
  95  11:20  Stalker x2, Archon  
  101  11:25  Stalker  
  97  11:43  High Templar x2, Stalker x2  
  103  11:48  Archon  
  103  11:54  Zealot  
  103  11:55  Zealot x3  
Tags
 
Add a new tag
Caveats
  • Supply blocks, unpowered buildings, or Contaminate may cause inaccurate times.
  • Supply counts are checked every 10 seconds.